 Dungeon Crawl Stone Soup version 0.31.0 (webtiles) character file.

Game seed: 6434437931796741499

2361 qw the Skirmisher (level 9, -1/56 HPs)
             Began as a Gargoyle Hunter on Jan 19, 2024.
             Was a Believer of Okawaru.
             Slain by Jeremiah
             ... wielding a +4 vampiric trident
              (5 damage)
             ... on level 7 of the Dungeon.
             The game lasted 00:00:32 (6803 turns).

qw the Skirmisher (Gargoyle Hunter)                 Turns: 6803, Time: 00:00:33

Health: -1/56      AC: 12    Str: 21    XL:     9   Next: 44%
Magic:  12/12      EV: 13    Int: 10    God:    Okawaru [**....]
Gold:   189        SH:  0    Dex: 17    Spells: 8/8 levels left

rFire   + . .        a - +2 shortbow
rCold   + + .        (shield currently unavailable)
rNeg    + . .        b - +2 robe {Will+}
rPois   inf          (no helmet)
rElec   +            o - scarf {rC+ rF+}
rCorr   .            j - +1 pair of gloves
SInv    .            (no boots)
Will    +....        (no amulet)
Stlth   ++           Y - ring of protection from cold
HPRegen 0.29/turn    e - +6 ring of strength
MPRegen 0.13/turn

%: no passive effects
@: about to teleport
A: sickness immunity, AC +6, negative energy resistance 1, electricity
resistance, torment resistance 1, petrification resistance
a: Renounce Religion, Heroism


You were on level 7 of the Dungeon.
You worshipped Okawaru.
Okawaru was pleased with you.
You visited 1 branch of the dungeon, and saw 7 of its levels.

You collected 460 gold pieces.
You spent 271 gold pieces at shops.


Innate Abilities, Weirdness & Mutations

You are immune to sickness and miasma.
Your stone body is resilient. (AC +6)
You are immune to poison.
You resist negative energy. (rN+)
You are resistant to electric shocks. (rElec)
You are resistant to unholy torment.
You are immune to petrification.


   Skills:
 + Level 6.5 Fighting
 - Level 10.0 Ranged Weapons
 - Level 3.4 Armour
 - Level 3.0 Dodging
 - Level 1.1 Stealth
 - Level 4.0 Invocations


You had 8 spell levels left.
You didn't know any spells.
Your spell library was empty.

Inventory:

Hand Weapons
 a - a +2 shortbow (weapon)
Armour
 b - a +2 robe of willpower (worn)
 j - a +1 pair of gloves (worn)
 o - a scarf of resistance (worn)
Jewellery
 e - a +6 ring of strength (right hand)
 q - a +5 ring of evasion
 Y - a ring of protection from cold (left hand)
Wands
 d - a wand of roots (9)
Scrolls
 i - a scroll of summoning {unknown}
 m - a scroll of identify
 p - a scroll of revelation {unknown}
Potions
 c - a potion of mutation
 f - a potion of resistance
 g - 3 potions of curing
 k - 4 potions of might
 n - a potion of enlightenment

Dungeon Overview and Level Annotations

Branches:
Dungeon (7/15)             Temple (0/1) D:7

Altars:
Elyvilon
Kikubaaqudgha
Makhleb
Okawaru
Uskayaw
Xom
The Shining One

Shops:
D:4 *:?   D:5 *   D:6 :

Annotations:
D:6 1 runed translucent door, qw's ghost, novice GrHu
D:7 Jeremiah


Message History

The butterfly disappears in a burst of colours! x3
The butterfly disappears in a burst of colours! x3
Jeremiah hits you from afar with a +4 vampiric trident!
The butterfly disappears in a burst of colours!
Jeremiah barely misses you.
The butterfly disappears in a burst of colours!
Jeremiah hits you but does no damage.
Jeremiah says, "I don't want to hurt you.
Just - go!
Run!"
Jeremiah closely misses you.
6793 ||| DROPPING ring of protection from cold.
You drop a ring of protection from cold.
The butterfly disappears in a burst of colours!
Jeremiah hits you from afar with a +4 vampiric trident.
The butterfly disappears in a burst of colours! x2
Jeremiah hits you from afar with a +4 vampiric trident!
The butterfly disappears in a burst of colours!
Jeremiah hits you but does no damage.
The butterfly disappears in a burst of colours!
Jeremiah hits you but does no damage.
The butterfly disappears in a burst of colours! x2
Jeremiah mumbles a slurred invocation.
Something smites you!
The butterfly disappears in a burst of colours! x3
Jeremiah hits you from afar with a +4 vampiric trident.
You feel like a meek peon again.
The butterfly disappears in a burst of colours! x2
Jeremiah hits you from afar with a +4 vampiric trident.
The butterfly disappears in a burst of colours!
Jeremiah hits you but does no damage.
The butterfly disappears in a burst of colours!
Jeremiah hits you from afar with a +4 vampiric trident.
6802 ||| READING scroll of teleportation.
As you read the scroll of teleportation, it crumbles to dust.
You feel strangely unstable.
The butterfly disappears in a burst of colours! x2
Jeremiah hits you from afar with a +4 vampiric trident!
The butterfly disappears in a burst of colours! x2
Jeremiah hits you from afar with a +4 vampiric trident.
You die...
Jeremiah says, "O terrible one, your will is done."

...# #.##..#..............##..
##.# #.#...##.......########..
##.# ###..####..####....####..
##.# #...##<##............#..
##.# #..##.. ######....##.#.. #.#
#..# #. #..[..######.#.. ##.##
#.## #. #####.# #.#..
....######<####.######.## #....
....))...###.##b@bb...b.### ###.#
.....##### #.##bbb..bb....#####..
...#.#######.##..Fbbb.b.......###
##.........#.##b..bbb.b.....#.#
...........#.######b.b..###...#
##.........#.# ######### ##..###
##.........#.# #......# #...)#
##?........#.# #######.# ##.#.)
##.........#.# #....)#.######.###


You could see Jeremiah.

Vanquished Creatures
  Pikel (D:6)
  A steam dragon (D:6)
  3 water moccasins
  A sky beast (D:7)
  2 ogres (D:4)
  4 lemures (D:6)
  Blork the orc (D:6)
  2 bullfrogs (D:7)
  A burial acolyte (D:6)
  7 wights (D:7)
  3 bombardier beetles
  3 jellies
  An orc priest (D:7)
  2 sleepcaps
  2 iguanas
  2 orc wizards (D:6)
  A gnoll (D:1)
  9 adders
  A white imp (D:6)
  6 ufetubi
  3 adder zombies (D:6)
  A ribbon worm (D:3)
  15 orcs
  4 ball pythons
  12 endoplasms
  4 giant cockroaches
  8 goblins
  3 hobgoblins
  4 jackals
  7 kobolds
  2 quokkas
  3 bats
  A frilled lizard (D:3)
  A jackal zombie (D:6)
  9 rats
130 creatures vanquished.

Notes
Turn   | Place    | Note
-------+----------+-------------------------------------------
     0 | D:1      | qw the Gargoyle Hunter began the quest for the Orb.
     0 | D:1      | Reached XP level 1. HP: 12/12 MP: 1/1
     0 | D:1      | 0 ||| qw: Version: 0.3-a-132-g3d54051
     0 | D:1      | 0 ||| qw: Game counter: 233
     0 | D:1      | 0 ||| qw: Melee chars always use a shield: true
     0 | D:1      | 0 ||| qw: God list: Okawaru
     0 | D:1      | 0 ||| qw: Allow faded altars: false
     0 | D:1      | 0 ||| qw: Do Orc after clearing Dungeon:15 true
     0 | D:1      | 0 ||| qw: Do second Lair branch before Depths: true
     0 | D:1      | 0 ||| qw: Lair rune preference: random
     0 | D:1      | 0 ||| qw: Goals: Normal
     0 | D:1      | 0 ||| PLANNING D:1-11
   119 | D:1      | Reached XP level 2. HP: 17/17 MP: 2/2
   330 | D:1      | Reached XP level 3. HP: 21/21 MP: 3/3
   385 | D:1      | Reached skill level 5 in Ranged Weapons
   724 | D:1      | 724 ||| UPGRADING to +0 ring mail.
   734 | D:1      | 734 ||| DROPPING +0 leather armour.
   735 | D:1      | 735 ||| UPGRADING to ring of protection from cold.
   736 | D:1      | 736 ||| READING scroll labelled ALLUUC EMOAWIZ.
   736 | D:1      | 736 ||| IDENTIFYING bubbling inky potion
   737 | D:1      | 737 ||| READING scroll labelled JULOIPEGHO.
   738 | D:1      | 738 ||| DRINKING 2 yellow potions.
   739 | D:1      | 739 ||| DROPPING scroll of butterflies.
   740 | D:1      | 740 ||| DROPPING potion of attraction.
   762 | D:2      | Found a faded altar of an unknown god.
   893 | D:2      | Found a shimmering altar of Xom.
   973 | D:2      | Reached skill level 1 in Armour
  1105 | D:2      | Reached XP level 4. HP: 27/27 MP: 4/4
  1113 | D:2      | Reached skill level 3 in Fighting
  1119 | D:2      | 1119 ||| FLEEEEING.
  1299 | D:2      | 1299 ||| DROPPING +2 sling of draining.
  1377 | D:2      | 1377 ||| UPGRADING to +6 ring of strength.
  1378 | D:2      | 1378 ||| READING scroll of identify.
  1378 | D:2      | 1378 ||| IDENTIFYING murky golden potion
  1379 | D:2      | 1379 ||| READING scroll labelled ROALYCRI TACK.
  1380 | D:2      | 1380 ||| READING scroll labelled ARAPRU BYIRYISK.
  1381 | D:2      | 1381 ||| READING scroll labelled UHILIL JAQYEXT.
  1381 | D:2      | 1381 ||| ENCHANTING +0 shortbow.
  1417 | D:3      | 1417 ||| STAIRDANCE
  1420 | D:2      | 1420 ||| FLEEEEING.
  1421 | D:2      | 1421 ||| FLEEEEING.
  1422 | D:2      | 1422 ||| FLEEEEING.
  1507 | D:3      | 1507 ||| STAIRDANCE
  1509 | D:2      | 1509 ||| FLEEEEING.
  1571 | D:3      | 1571 ||| STAIRDANCE
  1573 | D:2      | 1573 ||| FLEEEEING.
  1654 | D:3      | Found a shimmering altar of Xom.
  1669 | D:3      | Reached XP level 5. HP: 32/32 MP: 5/5
  1718 | D:3      | 1718 ||| FLEEEEING.
  2110 | D:3      | Reached skill level 6 in Ranged Weapons
  2110 | D:3      | 2110 ||| FLEEEEING.
  2194 | D:3      | 2194 ||| UPGRADING to ring of protection from cold.
  2196 | D:3      | 2196 ||| READING scroll labelled ZUANIH ZUTAFA.
  2197 | D:3      | 2197 ||| FLEEEEING.
  2199 | D:3      | 2199 ||| READING scroll labelled KUAM SYDAUGU.
  2199 | D:3      | 2199 ||| ENCHANTING +1 shortbow.
  2200 | D:3      | 2200 ||| DRINKING 2 metallic sapphire potions.
  2248 | D:3      | 2248 ||| DROPPING potion of lignification.
  2342 | D:4      | Found Siem's Magic Scroll Shoppe.
  2350 | D:4      | 2350 ||| BUYING scroll of enchant weapon (82 gold).
  2350 | D:4      | Bought a scroll of enchant weapon for 82 gold pieces
  2350 | D:4      | 2350 ||| BUYING scroll of teleportation (33 gold).
  2350 | D:4      | Bought a scroll of teleportation for 33 gold pieces
  2350 | D:4      | 2350 ||| BUYING scroll of teleportation (33 gold).
  2350 | D:4      | Bought a scroll of teleportation for 33 gold pieces
  2350 | D:4      | 2350 ||| READING scroll of enchant weapon.
  2350 | D:4      | 2350 ||| ENCHANTING +1 shortbow.
  2413 | D:4      | Found Hiejif's Book Boutique.
  2423 | D:4      | Noticed an ogre
  2425 | D:4      | HP: 4/32 [ogre/+0 giant club (28)]
  2426 | D:4      | 2426 ||| READING 2 scrolls of teleportation.
  2555 | D:4      | Found Rinosux's General Store.
  2559 | D:4      | Noticed an ogre
  2567 | D:4      | Killed an ogre
  2568 | D:4      | Reached XP level 6. HP: 21/39 MP: 6/6
  2637 | D:4      | 2637 ||| SHOPLISTING ring "Cyekau" {Fire rN++ Will++ Int-3}
                  | (502 gold, have 66).
  2637 | D:4      | 2637 ||| BUYING scroll of teleportation (30 gold).
  2637 | D:4      | Bought a scroll of teleportation for 30 gold pieces
  2637 | D:4      | 2637 ||| SHOPLISTING wand of mindburst (12) (168 gold, have
                  | 36).
  2664 | D:4      | Found a hide-covered altar of Uskayaw.
  2817 | D:4      | 2817 ||| FLEEEEING.
  2821 | D:4      | 2821 ||| STAIRDANCE
  2852 | D:3      | 2852 ||| UPGRADING to scarf of resistance.
  2857 | D:3      | 2857 ||| UPGRADING to +6 ring of strength.
  2859 | D:3      | 2859 ||| READING scroll of identify.
  2859 | D:3      | 2859 ||| IDENTIFYING lumpy brown potion
  2860 | D:3      | 2860 ||| READING scroll labelled XEEPYRE PINENGI.
  2861 | D:3      | 2861 ||| READING scroll labelled USCHEA UDOOWOF.
  2905 | D:4      | Found an iron altar of Okawaru.
  2906 | D:4      | 2906 ||| PLANNING OKAWARU WORSHIP
  2913 | D:4      | Became a worshipper of Warmaster Okawaru
  2914 | D:4      | 2914 ||| PLANNING D:1-11
  2950 | D:4      | 2950 ||| READING scroll of identify.
  2950 | D:4      | 2950 ||| IDENTIFYING red potion
  2988 | D:5      | Entered Level 5 of the Dungeon
  3021 | D:5      | 3021 ||| FLEEEEING.
  3029 | D:5      | 3029 ||| FLEEEEING.
  3030 | D:5      | 3030 ||| FLEEEEING.
  3031 | D:5      | 3031 ||| FLEEEEING.
  3032 | D:5      | 3032 ||| FLEEEEING.
  3033 | D:5      | 3033 ||| FLEEEEING.
  3034 | D:5      | 3034 ||| FLEEEEING.
  3035 | D:5      | 3035 ||| FLEEEEING.
  3036 | D:5      | 3036 ||| FLEEEEING.
  3037 | D:5      | 3037 ||| FLEEEEING.
  3038 | D:5      | 3038 ||| FLEEEEING.
  3039 | D:5      | 3039 ||| FLEEEEING.
  3040 | D:5      | 3040 ||| FLEEEEING.
  3041 | D:5      | 3041 ||| FLEEEEING.
  3042 | D:5      | 3042 ||| STAIRDANCE
  3048 | D:4      | 3048 ||| STAIRDANCE
  3192 | D:5      | Reached skill level 7 in Ranged Weapons
  3192 | D:5      | Reached XP level 7. HP: 44/44 MP: 7/7
  3227 | D:5      | Found Diehar's Assorted Antiques.
  3231 | D:5      | 3231 ||| BUYING black potion (17 gold).
  3231 | D:5      | Bought a black potion for 17 gold pieces
  3231 | D:5      | 3231 ||| BUYING potion of curing (57 gold).
  3231 | D:5      | Bought a potion of curing for 57 gold pieces
  3231 | D:5      | 3231 ||| BUYING scroll labelled JORREZ UDOTU (19 gold).
  3231 | D:5      | Bought a scroll labelled JORREZ UDOTU for 19 gold pieces
  3231 | D:5      | 3231 ||| SHOPLISTING scroll labelled WUOQEV DUGAT (19 gold,
                  | have 10).
  3231 | D:5      | 3231 ||| SHOPLISTING scroll of enchant armour (142 gold,
                  | have 10).
  3309 | D:5      | 3309 ||| FLEEEEING.
  3964 | D:5      | 3964 ||| UPGRADING to +0 pair of gloves.
  3969 | D:5      | 3969 ||| READING scroll of enchant armour.
  3969 | D:5      | 3969 ||| ENCHANTING +0 pair of gloves.
  3970 | D:5      | 3970 ||| READING scroll labelled JORREZ UDOTU.
  3971 | D:5      | 3971 ||| DRINKING 4 murky green potions.
  3972 | D:5      | 3972 ||| DRINKING 2 black potions.
  3973 | D:5      | 3973 ||| DROPPING 3 potions of degeneration.
  4075 | D:6      | Reached * piety under Okawaru
  4076 | D:6      | Reached skill level 8 in Ranged Weapons
  4076 | D:6      | 4076 ||| FLEEEEING.
  4083 | D:6      | 4083 ||| STAIRDANCE
  4164 | D:6      | Found a runed translucent door.
  4165 | D:6      | Noticed a yak
  4165 | D:6      | Noticed qw's ghost (novice GrHu)
  4273 | D:6      | Found a glowing golden altar of the Shining One.
  4329 | D:6      | Noticed Blork the orc
  4332 | D:6      | 4332 ||| INVOKING Heroism.
  4338 | D:6      | Killed Blork the orc
  4346 | D:6      | 4346 ||| FLEEEEING.
  4350 | D:6      | 4350 ||| STAIRDANCE
  4353 | D:5      | 4353 ||| READING scroll of identify.
  4353 | D:5      | 4353 ||| IDENTIFYING inky potion
  4383 | D:6      | Reached skill level 1 in Invocations
  4419 | D:6      | Noticed a steam dragon
  4420 | D:6      | 4420 ||| INVOKING Heroism.
  4429 | D:6      | Killed a steam dragon
  4430 | D:6      | Reached skill level 3 in Armour
  4430 | D:6      | Reached XP level 8. HP: 48/49 MP: 5/8
  4450 | D:6      | Found a white marble altar of Elyvilon.
  4450 | D:6      | Found a burning altar of Makhleb.
  4582 | D:6      | 4582 ||| RETREEEEATING.
  4587 | D:6      | 4587 ||| RETREEEEATING.
  4588 | D:6      | 4588 ||| RETREEEEATING.
  4917 | D:6      | Found Gueskacy's Book Shop.
  4917 | D:6      | Noticed Pikel
  4918 | D:6      | 4918 ||| READING scroll of identify.
  4918 | D:6      | 4918 ||| IDENTIFYING fuming puce potion
  4925 | D:6      | 4925 ||| INVOKING Heroism.
  4946 | D:6      | HP: 11/49 [constriction (6)]
  4947 | D:6      | 4947 ||| READING 3 scrolls of teleportation.
  4948 | D:6      | 4948 ||| DRINKING potion of heal wounds.
  4952 | D:6      | 4952 ||| FLEEEEING.
  5184 | D:6      | Killed Pikel
  5184 | D:6      | Reached ** piety under Okawaru
  5185 | D:6      | Reached skill level 9 in Ranged Weapons
  5185 | D:6      | 5185 ||| FLEEEEING.
  5369 | D:6      | 5369 ||| FLEEEEING.
  5394 | D:6      | Found an ancient bone altar of Kikubaaqudgha.
  5523 | D:6      | 5523 ||| UPGRADING to +2 robe of willpower.
  5533 | D:6      | 5533 ||| DROPPING +0 ring mail.
  5534 | D:6      | 5534 ||| DROPPING potion of ambrosia.
  5614 | D:7      | Reached XP level 9. HP: 55/55 MP: 9/11
  5618 | D:7      | Reached skill level 6 in Fighting
  5618 | D:7      | Reached skill level 3 in Invocations
  5844 | D:7      | HP: 12/55 [wight/+3 great sword (14)]
  5845 | D:7      | 5845 ||| READING 2 scrolls of teleportation.
  5846 | D:7      | HP: 2/55 [wight/+3 great sword (9)]
  5849 | D:7      | 5849 ||| FLEEEEING.
  6048 | D:7      | 6048 ||| RETREEEEATING.
  6049 | D:7      | 6049 ||| RETREEEEATING.
  6050 | D:7      | 6050 ||| RETREEEEATING.
  6053 | D:7      | Reached skill level 10 in Ranged Weapons
  6066 | D:7      | 6066 ||| FLEEEEING.
  6363 | D:7      | Reached skill level 3 in Dodging
  6551 | D:7      | Found a staircase to the Ecumenical Temple.
  6779 | D:7      | Noticed Jeremiah
  6780 | D:7      | 6780 ||| INVOKING Heroism.
  6793 | D:7      | 6793 ||| DROPPING ring of protection from cold.
  6801 | D:7      | HP: 10/56 [Jeremiah/+4 vampiric trident (6)]
  6802 | D:7      | 6802 ||| READING scroll of teleportation.
  6802 | D:7      | HP: 4/56 [Jeremiah/+4 vampiric trident (7)]
  6803 | D:7      | Slain by Jeremiah

Levels and vault maps discovered:
D:1:      roderic_octagonal_star, layout_basic
D:2:      layout_loops_ring, hellmonk_ecumenical_altar_lost_god, basic_altar,
          grunt_decor_mini_mirrors
D:3:      layout_basic, mainiacjoe_overflow_cross_hatched
D:4:      layout_basic, mainiacjoe_overflow_paths, kennysheep_okawaru_gauntlet,
          serial_shops, nicolae_stop_n_shop_2, shop, shop
D:5:      layout_basic, serial_shops, nicolae_shop_peninsula,
          chequers_serial_rivers_small_a
D:6:      layout_loops_ring, jmf_multi_god_temple, marbit_many_paths,
          lemuel_zombie_altar_kikubaaqudgha, ebering_ghost_inner_flame,
          serial_shops, nicolae_shop_tiny_glass, minmay_misc_feat_encased,
          uniq_pikel, uniq_blork_the_orc
D:7:      layout_basic, temple_green, minmay_crossroads, uniq_jeremiah

Skill      XL: |  1  2  3  4  5  6  7  8  9 |
---------------+----------------------------+-----
Ranged Weapons | 5 6 7 8 9 10 | 10.0
Armour         | 1 3 |  3.4
Fighting       | 3 4 5 6 |  6.5
Invocations    | 1 2 4 |  4.0
Dodging        | 2 3 |  3.0
Stealth        | |  1.1

Action                     |  1- 3 |  4- 6 |  7- 9 || total
---------------------------+-------+-------+-------++-------
   Fire: Shortbow          |    75 |   182 |   329 ||   586
 Invoke: Heroism           |       |       |     4 ||     4
    Use: Scroll            |     2 |    12 |     7 ||    21
         Potion            |     1 |     1 |     3 ||     5
 Armour: Leather armour    |    19 |       |       ||    19
         Ring mail         |     4 |    64 |    89 ||   157
         Robe              |       |       |    45 ||    45
  Dodge: Dodged            |    20 |    56 |    80 ||   156

Table legend:
 A = Non-vault XP
 B = Vault XP
 C = Vault XP percentage of total XP
 D = Non-vault monster count
 E = Vault monster count
 F = Vault count percentage of total count
                 A         B        C        D         E       F
            +---------+---------+-------+---------+---------+-------
      Total |    2357 |    1016 |  30.1 |     114 |      12 |   9.5
            +---------+---------+-------+---------+---------+-------
        D:1 |      50 |       0 |   0.0 |      21 |       0 |   0.0
        D:2 |      65 |       0 |   0.0 |      18 |       0 |   0.0
        D:3 |     111 |       0 |   0.0 |      19 |       0 |   0.0
        D:4 |     275 |       4 |   1.4 |      12 |       2 |  14.3
        D:5 |     303 |       0 |   0.0 |       9 |       0 |   0.0
        D:6 |     343 |    1012 |  74.7 |      14 |      10 |  41.7
        D:7 |    1210 |       0 |   0.0 |      21 |       0 |   0.0
            +---------+---------+-------+---------+---------+-------
